Map: Thunderbird LE

Players

Mez

  • Race: Terran Terran
  • League: Master
  • Spawn Location: 11:00

Necro - Winner!

  • Race: Zerg Zerg
  • League: Master
  • Spawn Location: 5:00

VOD

Have the link to the VOD?

Description

Time

  • Played on: Aug. 19, 2019, 12:38 p.m.
  • Length: 4:01
Show
View Real Time Build Order
Export as new Build Order

Mez Terran 

Build Orders: Reaper Expand 

Get SALT Encoding   

  12  0:01  SCV  
  13  0:13  SCV  
  14  0:17  Supply Depot  
  14  0:25  SCV  
  15  0:38  SCV  
  15  0:40  Barracks  
  16  0:46  Refinery  
  16  0:50  SCV  
  17  1:02  SCV  
  18  1:15  SCV  
  19  1:28  Orbital Command  
  19  1:29  Reaper  
  20  1:39  Command Center  
  20  1:47  Supply Depot  
  20  1:54  SCV  
  20  2:01  Marine  
  22  2:11  SCV  
  22  2:12  Factory  
  23  2:20  Marine  
  24  2:25  Bunker  
  23  2:42  Barracks Tech Lab  
  22  2:52  Orbital Command  
  22  2:54  Bunker  
  19  3:08  Marine  
  19  3:10  Cyclone  
  21  3:17  Supply Depot  
  21  3:18  Supply Depot  
  20  3:23  SCV  
  20  3:24  SCV  
  22  3:27  Marine  
Show
View Real Time Build Order
Export as new Build Order

Necro Zerg - Winner!

Build Orders: Pool Only, Ravager All-In 

Get SALT Encoding   

  12  0:00  Drone  
  13  0:07  Drone  
  14  0:27  Spawning Pool  
  13  0:28  Drone  
  13  0:33  Extractor  
  13  0:34  Drone  
  14  0:42  Overlord  
  14  0:54  Extractor  
  14  0:55  Drone  
  14  1:14  Roach Warren  
  14  1:17  Zergling x4  
  15  1:21  Overlord  
  15  1:54  Roach x3  
  21  2:13  Ravager  
  21  2:14  Ravager  
  23  2:16  Ravager  
  23  2:22  Roach  
  26  2:35  Roach x2  
  29  2:42  Roach  
  30  2:51  Overlord  
  30  3:16  Ravager  
  30  3:18  Ravager  
  32  3:37  Roach  
  32  3:38  Roach x2  
Tags
 
Add a new tag
Caveats
  • Supply blocks, unpowered buildings, or Contaminate may cause inaccurate times.
  • Supply counts are checked every 10 seconds.